[Event "Titled Tuesday Blitz June 15 2021"]
[White "Villegas, Pierre"]
[Black "Gormally, Daniel W"]
[WhiteFideId "654183"]
[BlackFideId "406465"]
[WhiteElo "2411"]
[BlackElo "2543"]
[Result "0-1"]
[Round "05"]
[TimeControl "180+1"]
[Date "2021.06.15"]
[WhiteClock "0:00:01"]
[BlackClock "0:00:35"]

1. d4 Nf6 2. c4 e6 3. Nc3 Bb4 4. Qc2 O-O 5. Nf3 c5 6. dxc5 Qa5 7. Bd2 Na6 8. a3 Nxc5 9. Rd1 Bxc3 10. Bxc3 Qa4 11. Qxa4 Nxa4 12. Bxf6 gxf6 13. b3 Nc5 14. b4 Ne4 15. Nd4 a5 16. f3 Nc3 17. Rc1 axb4 18. axb4 Ra3 19. e4 b6 20. Kd2 Na4 21. Be2 Ra2+ 22. Rc2 Ra3 23. Rb1 Ba6 24. Rb3 Ra1 25. Rc1 Rxc1 26. Kxc1 Rc8 27. Ra3 Bxc4 28. Kd2 Bxe2 29. Kxe2 Rc4 30. Nxe6 dxe6 31. Rxa4 b5 32. Ra8+ Kg7 33. Rb8 Rxb4 34. Kf2 Rb2+ 35. Kg3 b4 36. h4 h5 37. Rb5 Kg6 38. Rb8 f5 39. exf5+ Kxf5 40. Rb5+ Kg6 41. Rg5+ Kh6 42. Rb5 Rb1 43. Rb7 Kg6 44. Rb5 f6 45. Rb6 e5 46. Kf2 b3 47. Kg3 Kf5 48. Rb4 Ke6 49. Rb6+ Kd5 50. Rxf6 Rh1 51. Rb6 Kc4 52. Kf2 Kc3 53. Ke3 Rxh4 54. g3 Rb4 0-1


[Site "https://www.chess.com"]

[Event "Titled Tuesday Blitz June 15 2021"]
[White "Vlassov, Nikolai"]
[Black "Demchenko, Anton"]
[WhiteFideId "4103360"]
[BlackFideId "4160258"]
[WhiteElo "2407"]
[BlackElo "2593"]
[Result "0-1"]
[Round "05"]
[TimeControl "180+1"]
[Date "2021.06.15"]
[WhiteClock "0:00:04"]
[BlackClock "0:00:09"]

1. e4 e5 2. Bc4 Nf6 3. d3 Bc5 4. Nf3 O-O 5. Bg5 h6 6. Bh4 Nc6 7. Nc3 Be7 8. h3 d6 9. Qe2 Na5 10. Bxf6 Bxf6 11. Nd5 c6 12. Nxf6+ Qxf6 13. Nd2 Qe7 14. O-O Nxc4 15. Nxc4 Be6 16. Ne3 Qg5 17. Kh2 d5 18. g3 dxe4 19. dxe4 Rad8 20. Rad1 Qg6 21. Rxd8 Rxd8 22. Rd1 Rd4 23. f3 Qh5 24. g4 Qg5 25. a3 Rxd1 26. Nxd1 Qc1 27. Qd3 Kh7 28. a4 h5 29. gxh5 Qf4+ 30. Kg2 Qg5+ 31. Kh2 Qh4 32. Qf1 Qxh5 33. Ne3 Qg5 34. Qf2 Qf4+ 35. Kg2 g6 36. Ng4 b6 37. a5 c5 38. axb6 axb6 39. Qg3 Qd2+ 40. Qf2 Qg5 41. Qe3 Qh4 42. Qf2 Qe7 43. Nxe5 Bxh3+ 44. Kxh3 Qxe5 45. c3 Kg7 46. Kg2 Qg5+ 47. Qg3 Qd2+ 48. Qf2 Qc1 49. f4 Qb1 50. e5 Qe4+ 51. Kg3 Qd3+ 52. Kg2 Qc4 53. Kg3 b5 54. Kf3 b4 55. cxb4 cxb4 56. Qd2 b3 57. Ke3 Kh6 58. Kf3 Qc6+ 59. Ke3 Qc4 60. Qh2+ Kg7 61. Qd2 Qc5+ 62. Ke4 Qc6+ 63. Ke3 Qb5 64. Qd4 Kh7 65. f5 gxf5 66. Kf4 Qf1+ 67. Kg5 Qg2+ 68. Kxf5 Qc2+ 69. Kf6 Qg6+ 70. Ke7 Qe6+ 71. Kf8 Kg6 72. Qg1+ Kf5 73. Qg7 Ke4 74. Qxf7 Kxe5 75. Qf2 Qd6+ 76. Kg7 Qe7+ 77. Kg6 Qe6+ 78. Kh5 Qe8+ 79. Kh4 Qh8+ 80. Kg3 Qg7+ 81. Kh2 Qh6+ 82. Kg1 Qg6+ 83. Kf1 Qc2 84. Qe3+ Kd5 85. Qg5+ Kd4 86. Qf4+ Kd3 87. Qf5+ Kd2 88. Qf4+ Kd1 89. Qd4+ Kc1 90. Ke1 Qxb2 91. Qf4+ Kb1 92. Qe4+ Qc2 93. Qb7 b2 94. Kf1 Qc1+ 95. Kg2 Qc3 0-1


[Site "https://www.chess.com"]

[Event "Titled Tuesday Blitz June 15 2021"]
[White "Williams, Simon K"]
[Black "Nesterov, Arseniy"]
[WhiteFideId "404454"]
[BlackFideId "24198455"]
[WhiteElo "2468"]
[BlackElo "2441"]
[Result "1-0"]
[Round "05"]
[TimeControl "180+1"]
[Date "2021.06.15"]
[WhiteClock "0:00:47"]
[BlackClock "0:00:51"]

1. d4 d5 2. c4 e6 3. Nc3 c5 4. cxd5 exd5 5. e4 dxe4 6. Bb5+ Bd7 7. Bc4 Nf6 8. Qb3 Bd6 9. Bxf7+ Kf8 10. dxc5 Bxc5 11. Nge2 Nc6 12. Bd5 Nb4 13. Bxe4 Nxe4 14. Nxe4 Bf5 15. Nxc5 Qa5 16. Bd2 1-0


[Site "https://www.chess.com"]

[Event "Titled Tuesday Blitz June 15 2021"]
[White "Zhigalko, Sergei"]
[Black "Khanin, Semen"]
[WhiteFideId "13502956"]
[BlackFideId "4111990"]
[WhiteElo "2662"]
[BlackElo "2521"]
[Result "1-0"]
[Round "05"]
[TimeControl "180+1"]
[Date "2021.06.15"]
[WhiteClock "0:00:31"]
[BlackClock "0:00:08"]

1. e4 e5 2. Nf3 Nc6 3. Bc4 Bc5 4. b4 Bxb4 5. c3 Ba5 6. d4 d6 7. Qb3 Qd7 8. O-O Bb6 9. Nbd2 Nf6 10. dxe5 Nxe5 11. Nxe5 dxe5 12. Ba3 Ng4 13. Nf3 c6 14. Rad1 Qc7 15. Bd6 Qd7 16. Ba3 Qc7 17. Ng5 Nh6 18. Bd6 Qd7 19. Rd3 Bc7 20. Ba3 Qg4 21. Bxf7+ 1-0


[Site "https://www.chess.com"]

[Event "Titled Tuesday Blitz June 15 2021"]
[White "Zhuravlev, Alexey"]
[Black "Willow, Jonah B"]
[WhiteFideId "4164199"]
[BlackFideId "438804"]
[WhiteElo "2455"]
[BlackElo "2261"]
[Result "0-1"]
[Round "05"]
[TimeControl "180+1"]
[Date "2021.06.15"]
[WhiteClock "0:00:10"]
[BlackClock "0:00:24"]

1. e4 c5 2. Nc3 Nc6 3. f4 g6 4. Nf3 Bg7 5. Bc4 e6 6. f5 Nge7 7. fxe6 dxe6 8. O-O O-O 9. d3 Nd4 10. Bg5 Qc7 11. Nxd4 cxd4 12. Ne2 Nc6 13. Qd2 Na5 14. Bb3 e5 15. Bf6 Bg4 16. h3 Bxe2 17. Qxe2 Rac8 18. Qf3 Nxb3 19. cxb3 Qd6 20. Bxg7 Kxg7 21. Rac1 Rc6 22. Rc4 b5 23. Rxc6 Qxc6 24. Kh2 b4 25. Rf2 Qa6 26. a4 bxa3 27. bxa3 f6 28. a4 Rb8 29. Rc2 Qd6 30. Qg4 h5 31. Qd1 Rxb3 32. Rc7+ Qxc7 33. Qxb3 f5 34. Qd5 Kh6 35. h4 Qe7 36. Kh3 Kg7 37. a5 f4 38. a6 g5 39. hxg5 Qxg5 40. Kh2 Qg3+ 41. Kh1 f3 42. Qd7+ Kh6 43. Qe6+ Qg6 0-1


[Site "https://www.chess.com"]

[Event "Titled Tuesday Blitz June 15 2021"]
[White "Zubov, Alexander"]
[Black "Tristan, Leonardo"]
[WhiteFideId "14109409"]
[BlackFideId "113816"]
[WhiteElo "2740"]
[BlackElo "2404"]
[Result "1-0"]
[Round "05"]
[TimeControl "180+1"]
[Date "2021.06.15"]
[WhiteClock "0:00:13"]
[BlackClock "0:00:03"]

1. c4 e6 2. d4 d5 3. Nc3 a6 4. cxd5 exd5 5. Nf3 Nf6 6. Bf4 c5 7. e3 c4 8. Bg5 Be7 9. g3 O-O 10. Bg2 Nc6 11. O-O Be6 12. Ne5 h6 13. Bxf6 Bxf6 14. Nxc6 bxc6 15. Na4 Be7 16. b3 Rc8 17. bxc4 dxc4 18. Qc2 Qa5 19. Rfd1 Rfd8 20. Nc3 Bb4 21. Rac1 Ba3 22. Rb1 Bb4 23. Ne4 Bd5 24. Nd2 c3 25. Nb3 Qa4 26. e4 Bc4 27. e5 Bd5 28. h4 a5 29. h5 Qb5 30. Nc5 Qc4 31. Bxd5 cxd5 32. Na4 Qc6 33. Rd3 Qe6 34. Rc1 Qf5 35. Qe2 f6 36. e6 Re8 37. Re3 Rc6 38. e7 Rc7 39. Nxc3 Rcxe7 40. Rxe7 Rxe7 41. Qd1 Rc7 42. Nb5 Rxc1 43. Qxc1 Qxh5 44. Nc7 Qf3 45. Qc6 Qd1+ 46. Kg2 Qxd4 47. Nxd5 Qe4+ 48. Kh2 Qe2 49. Qc8+ Kh7 50. Qf5+ Kg8 51. Qc8+ Kh7 52. Qf5+ Kg8 53. Kg2 Qe8 54. Qf3 Qf7 55. Qb3 Kh7 56. Qc4 Bf8 57. a4 Qb7 58. Qe4+ Kg8 59. Nxf6+ 1-0


[Site "https://www.chess.com"]

[Event "Titled Tuesday Blitz June 15 2021"]
[White "Aditya Mittal"]
[Black "Eternauta2400"]
[WhiteFideId "35042025"]
[WhiteElo "2171"]
[BlackElo "2497"]
[Result "0-1"]
[Round "06"]
[TimeControl "180+1"]
[Date "2021.06.15"]
[WhiteClock "0:00:04"]
[BlackClock "0:00:57"]

1. Nf3 d5 2. g3 Nd7 3. Bg2 e5 4. O-O Ngf6 5. b3 Bd6 6. Bb2 O-O 7. d3 Re8 8. e3 a5 9. a3 h6 10. Nbd2 Nf8 11. c4 c6 12. Qc2 Ng6 13. h3 Be6 14. Rfe1 Qd7 15. Kh2 Bc7 16. Rad1 b5 17. d4 e4 18. Ne5 Nxe5 19. dxe5 Nh7 20. Nxe4 Bf5 21. Qc3 Bxe5 22. Qxe5 Rxe5 23. Bxe5 Qe8 24. cxd5 Qxe5 25. f4 Qe7 26. d6 Qd8 27. Nc5 Bd7 28. b4 axb4 29. axb4 Nf6 30. e4 Ra2 31. e5 Nd5 32. Kh1 Nxb4 33. f5 Bxf5 34. d7 Nd5 35. Bxd5 cxd5 36. Rxd5 Bxh3 37. Nb7 Bg2+ 38. Kg1 Qb6+ 39. Nc5 Bxd5 0-1


[Site "https://www.chess.com"]

[Event "Titled Tuesday Blitz June 15 2021"]
[White "Andrews, Todd"]
[Black "Oparin, Grigoriy"]
[WhiteFideId "2012456"]
[BlackFideId "24125890"]
[WhiteElo "2438"]
[BlackElo "2628"]
[Result "0-1"]
[Round "06"]
[TimeControl "180+1"]
[Date "2021.06.15"]
[WhiteClock "0:00:07"]
[BlackClock "0:01:33"]

1. e4 d6 2. Nf3 g6 3. d3 Bg7 4. g3 c5 5. Bg2 Nc6 6. O-O e6 7. Re1 Nge7 8. c3 O-O 9. d4 Rb8 10. d5 Na5 11. Bf4 e5 12. Bc1 b5 13. Nbd2 b4 14. c4 f5 15. Ng5 h6 16. Ne6 Bxe6 17. dxe6 f4 18. b3 Nac6 19. Bb2 Qc8 20. Qg4 h5 21. Qh3 Bh6 22. Nf3 Rf6 23. g4 Rxe6 24. gxh5 g5 25. Qg4 Rf6 26. Bh3 Qxg4+ 27. Bxg4 a5 28. Kh1 Kh7 29. Rg1 a4 30. Rad1 Ra8 31. Bd7 Ra7 32. Bxc6 Nxc6 33. Nxg5+ Bxg5 34. Rxg5 axb3 35. axb3 Ra2 36. Rdg1 Rf7 37. Bc1 Rxf2 38. Rg6 Rd7 39. h6 Nd4 40. Rg7+ Rxg7 41. hxg7 Kg8 42. Rg6 Nf3 43. Rh6 Kxg7 44. Rh3 Ng5 45. Rh5 Nxe4 46. Rh4 Rc2 47. Bxf4 exf4 48. Rxf4 Nf6 49. Rf5 Rc3 50. Rg5+ Kf7 51. Kg2 Rxb3 52. h4 Rc3 53. h5 Rxc4 54. h6 Rg4+ 55. Rxg4 Nxg4 56. h7 Kg7 0-1


[Site "https://www.chess.com"]

[Event "Titled Tuesday Blitz June 15 2021"]
[White "Annaberdiyev, Babageldi"]
[Black "Grunberg, Mihai-Lucian"]
[WhiteFideId "14000385"]
[BlackFideId "1204149"]
[WhiteElo "2332"]
[BlackElo "2364"]
[Result "1-0"]
[Round "06"]
[TimeControl "180+1"]
[Date "2021.06.15"]
[WhiteClock "0:01:02"]
[BlackClock "0:00:46"]

1. e4 Nf6 2. e5 Nd5 3. c4 Nb6 4. d4 d6 5. f4 dxe5 6. fxe5 c5 7. d5 g6 8. Nc3 Bg7 9. Bf4 O-O 10. h4 e6 11. d6 Nc6 12. Nf3 f6 13. h5 Nxe5 14. Bxe5 fxe5 15. hxg6 hxg6 16. Bd3 Qf6 17. Ne4 Qf4 18. Qe2 Bd7 19. Rh4 Qf7 20. O-O-O Bc6 21. Neg5 Bxf3 22. gxf3 Qf6 23. Rg1 e4 24. Bxe4 Nxc4 25. Qxc4 Qxb2+ 26. Kd1 Rae8 27. Rgg4 Bc3 28. Qd3 Rd8 29. Nxe6 Be5 30. Rxg6+ 1-0


[Site "https://www.chess.com"]

[Event "Titled Tuesday Blitz June 15 2021"]
[White "Avila Pavas, Santiago"]
[Black "Khalafova, Narmin"]
[WhiteFideId "4437128"]
[BlackFideId "13402625"]
[WhiteElo "2244"]
[BlackElo "2109"]
[Result "1-0"]
[Round "06"]
[TimeControl "180+1"]
[Date "2021.06.15"]
[WhiteClock "0:01:00"]
[BlackClock "0:00:17"]

1. d4 d5 2. Bf4 Nf6 3. e3 Bf5 4. Nf3 e6 5. c4 Bb4+ 6. Nc3 O-O 7. Qb3 Nc6 8. Be2 Qe7 9. O-O Na5 10. Qa4 Nxc4 11. a3 Bxc3 12. bxc3 Nb6 13. Qb3 c5 14. a4 c4 15. Qb2 Ne4 16. h3 h6 17. Rfb1 Rfc8 18. Rc1 Rd8 19. Rab1 g5 20. Bh2 Nxa4 21. Qxb7 Qxb7 22. Rxb7 Naxc3 23. Bf1 a5 24. Ra1 a4 25. g4 Bh7 26. Ne5 a3 27. Nxf7 a2 28. Nxh6+ Kh8 29. Be5+ 1-0


[Site "https://www.chess.com"]

[Event "Titled Tuesday Blitz June 15 2021"]
[White "Balabayeva, Xeniya"]
[Black "Lodici, Lorenzo"]
[WhiteFideId "13719688"]
[BlackFideId "884189"]
[WhiteElo "1937"]
[BlackElo "2265"]
[Result "0-1"]
[Round "06"]
[TimeControl "180+1"]
[Date "2021.06.15"]
[WhiteClock "0:00:01"]
[BlackClock "0:00:18"]

1. e4 e5 2. Nf3 Nc6 3. Nc3 Nf6 4. Bb5 Bd6 5. d3 O-O 6. a3 a6 7. Bc4 Bc5 8. Be3 Bxe3 9. fxe3 d6 10. h3 Ne7 11. g4 c6 12. g5 Ne8 13. Bb3 Nc7 14. Qe2 Be6 15. Bxe6 Nxe6 16. h4 b5 17. h5 a5 18. Qg2 b4 19. axb4 axb4 20. Rxa8 Qxa8 21. Nd1 Nc5 22. g6 fxg6 23. h6 gxh6 24. Rxh6 b3 25. c3 Nxd3+ 26. Kd2 Nc5 27. Ng5 Qa6 28. Rxh7 Qd3+ 29. Ke1 Nxe4 30. Rxe7 Nxg5 31. Qe2 Nf3+ 32. Kf2 Nd4+ 0-1


[Site "https://www.chess.com"]

[Event "Titled Tuesday Blitz June 15 2021"]
[White "Baskin, Robert"]
[Black "Porter, Ryan W"]
[WhiteFideId "24662402"]
[BlackFideId "2011239"]
[WhiteElo "2462"]
[BlackElo "2407"]
[Result "1-0"]
[Round "06"]
[TimeControl "180+1"]
[Date "2021.06.15"]
[WhiteClock "0:01:13"]
[BlackClock "0:01:27"]

1. d4 d6 2. e4 Nf6 3. Nc3 g6 4. f4 Bg7 5. Nf3 O-O 6. e5 dxe5 7. fxe5 Nd5 8. Bc4 Nxc3 9. bxc3 c5 10. O-O Nc6 11. Ng5 e6 12. Be3 Qa5 13. Ne4 cxd4 14. cxd4 Nxe5 15. dxe5 Qxe5 16. Qf3 f5 17. Nc5 Qxa1 18. Rxa1 Bxa1 19. Nxe6 Bxe6 20. Bxe6+ Kh8 21. Qxb7 Rfe8 22. Qc6 Rac8 23. Bxc8 1-0


[Site "https://www.chess.com"]

[Event "Titled Tuesday Blitz June 15 2021"]
[White "Bayo Milagro, Alvaro"]
[Black "Herrera Reyes, Jose Antonio"]
[WhiteFideId "22275240"]
[BlackFideId "2274914"]
[WhiteElo "2270"]
[BlackElo "2370"]
[Result "1-0"]
[Round "06"]
[TimeControl "180+1"]
[Date "2021.06.15"]
[WhiteClock "0:00:13"]
[BlackClock "0:00:10"]

1. e4 c5 2. Nf3 e6 3. d4 cxd4 4. Nxd4 a6 5. c4 Qc7 6. Nc3 b6 7. Be3 Bb7 8. Be2 Nf6 9. f3 d6 10. Qd2 Nbd7 11. O-O Be7 12. Rfd1 h5 13. Rac1 h4 14. b4 h3 15. g3 Rc8 16. Nb3 Qb8 17. a3 Ne5 18. Na4 b5 19. cxb5 axb5 20. Bxb5+ Kf8 21. Rxc8+ Qxc8 22. Be2 Qa8 23. Na5 Bxe4 24. Nb6 Qd8 25. fxe4 Nxe4 26. Qc2 d5 27. Qc8 Qxc8 28. Nxc8 Nc3 29. Rd2 Nxe2+ 30. Rxe2 d4 31. Nxe7 Kxe7 32. Bg5+ Kd6 33. Bf4 f6 34. Nc4+ Kd5 35. Nxe5 fxe5 36. Rxe5+ Kc4 37. Rxe6 Ra8 38. Rc6+ Kd3 39. Rd6 Ke4 40. Re6+ Kf3 41. Bc1 Rc8 42. Re1 Rc2 43. Rf1+ Ke4 44. b5 d3 45. b6 Rc6 46. b7 Rb6 47. Rf4+ Kd5 48. Rb4 Rc6 49. Bd2 1-0


[Site "https://www.chess.com"]

[Event "Titled Tuesday Blitz June 15 2021"]
[White "Beukes, Dante M"]
[Black "Jakubowski, Krzysztof"]
[WhiteFideId "15200540"]
[BlackFideId "1112848"]
[WhiteElo "2000"]
[BlackElo "2462"]
[Result "0-1"]
[Round "06"]
[TimeControl "180+1"]
[Date "2021.06.15"]
[WhiteClock "0:01:35"]
[BlackClock "0:01:43"]

1. e4 c5 2. Nf3 e6 3. c3 Nf6 4. e5 Nd5 5. Bc4 Nb6 6. Bb3 d5 7. exd6 Bxd6 8. O-O Bd7 9. d4 Bc6 10. Ne5 Bxe5 11. dxe5 Qh4 12. Qd6 N8d7 13. Be3 Qe4 14. f3 Qxe3+ 15. Kh1 Qxe5 0-1


[Site "https://www.chess.com"]

[Event "Titled Tuesday Blitz June 15 2021"]
[White "Bluebaum, Matthias"]
[Black "Zhigalko, Sergei"]
[WhiteFideId "24651516"]
[BlackFideId "13502956"]
[WhiteElo "2685"]
[BlackElo "2662"]
[Result "1-0"]
[Round "06"]
[TimeControl "180+1"]
[Date "2021.06.15"]
[WhiteClock "0:00:05"]
[BlackClock "0:00:01"]

1. d4 Nf6 2. c4 e6 3. Nc3 Bb4 4. e3 O-O 5. Bd2 b6 6. Bd3 Bb7 7. Nf3 d5 8. cxd5 exd5 9. O-O Bd6 10. Ne5 c5 11. f4 Nc6 12. Ng4 Nb4 13. Bb1 cxd4 14. exd4 Rc8 15. f5 Be7 16. Be3 Nxg4 17. Qxg4 Bf6 18. a3 Re8 19. Bf2 Nc6 20. Ba2 Na5 21. Rae1 Nc4 22. Bxc4 dxc4 23. Rxe8+ Qxe8 24. d5 Kh8 25. Bd4 Qd8 26. Re1 h6 27. Qe4 a6 28. Rd1 b5 29. Qe3 Bxd4 30. Qxd4 Qg5 31. Ne4 Qh5 32. f6 g6 33. Nd6 Rc7 34. Nxb7 Rxb7 35. Re1 Rd7 36. d6 Qg5 37. h3 Qf5 38. Re7 Rd8 39. d7 Kh7 40. Rxf7+ Kg8 41. Re7 Kf8 42. Qd6 Kg8 43. Rg7+ Kh8 44. Qe7 Qc5+ 45. Qxc5 1-0


[Site "https://www.chess.com"]

[Event "Titled Tuesday Blitz June 15 2021"]
[White "Chernomordik, Pavel"]
[Black "Vaishali, Rameshbabu"]
[WhiteFideId "2804530"]
[BlackFideId "5091756"]
[WhiteElo "2299"]
[BlackElo "2313"]
[Result "1-0"]
[Round "06"]
[TimeControl "180+1"]
[Date "2021.06.15"]
[WhiteClock "0:01:57"]
[BlackClock "0:01:26"]

1. e4 g6 2. d4 Bg7 3. Nc3 d5 4. e5 h5 5. Bg5 Nh6 6. Qd2 c6 7. O-O-O b5 8. Kb1 a5 9. Bd3 a4 10. a3 Na6 11. Na2 Bf5 12. Ne2 Qb6 13. Nb4 Nxb4 14. Qxb4 e6 15. Qe7# 1-0


[Site "https://www.chess.com"]

[Event "Titled Tuesday Blitz June 15 2021"]
[White "Costachi, Mihnea"]
[Black "Aldokhin, Ivan"]
[WhiteFideId "1217518"]
[BlackFideId "24115720"]
[WhiteElo "2479"]
[BlackElo "2306"]
[Result "1-0"]
[Round "06"]
[TimeControl "180+1"]
[Date "2021.06.15"]
[WhiteClock "0:01:15"]
[BlackClock "0:00:02"]

1. d4 Nf6 2. c4 g6 3. Nc3 Bg7 4. e4 d6 5. Be2 Nc6 6. Nf3 O-O 7. d5 Nb4 8. O-O Re8 9. e5 dxe5 10. Nxe5 e6 11. a3 exd5 12. Nxf7 Kxf7 13. axb4 d4 14. Nb5 Ne4 15. Bf4 Be5 16. Bxe5 Rxe5 17. Nxd4 Qe7 18. c5 Bd7 19. Bc4+ Kg7 20. Nf3 Rf5 21. Re1 Bc6 22. Qd4+ Kh6 23. b5 Rxf3 24. bxc6 Rf4 25. cxb7 Re8 26. g3 Qg5 27. b8=Q Nxf2 28. Qxf2 Rxf2 29. Qxe8 1-0


[Site "https://www.chess.com"]

[Event "Titled Tuesday Blitz June 15 2021"]
[White "Cunjalo, Faris"]
[Black "Rojas Alarcon, Julian Antonio"]
[WhiteFideId "14410710"]
[BlackFideId "5107407"]
[WhiteElo "2234"]
[BlackElo "2333"]
[Result "1-0"]
[Round "06"]
[TimeControl "180+1"]
[Date "2021.06.15"]
[WhiteClock "0:00:13"]
[BlackClock "0:00:55"]

1. f4 g6 2. Nf3 Bg7 3. g3 c5 4. Bg2 Nc6 5. O-O d5 6. d3 e6 7. Qe1 Nge7 8. e4 O-O 9. Nc3 a6 10. e5 b5 11. Ne2 d4 12. g4 f6 13. exf6 Bxf6 14. Ng3 Nd5 15. Ne4 Qe7 16. Nxf6+ Rxf6 17. Ng5 Bd7 18. Bd2 Raf8 19. Bxd5 exd5 20. Qxe7 Nxe7 21. Rae1 Nc6 22. h3 h6 23. Nf3 h5 24. Nh2 hxg4 25. hxg4 Re6 26. Rxe6 Bxe6 27. Kg2 c4 28. Re1 Bf7 29. Nf3 b4 30. b3 Rc8 31. Kg3 a5 32. f5 a4 33. Bg5 Ra8 34. Bf6 gxf5 35. gxf5 Bh5 36. Nxd4 Nxd4 37. Bxd4 axb3 38. axb3 cxb3 39. cxb3 Ra3 40. Rh1 Be2 41. Rh8+ Kf7 42. Rh7+ Kg8 43. Rg7+ Kf8 44. f6 Rxb3 45. Bc5+ 1-0


[Site "https://www.chess.com"]

[Event "Titled Tuesday Blitz June 15 2021"]
[White "Demchenko, Anton"]
[Black "Macovei, Andrei"]
[WhiteFideId "4160258"]
[BlackFideId "13904680"]
[WhiteElo "2593"]
[BlackElo "2439"]
[Result "1-0"]
[Round "06"]
[TimeControl "180+1"]
[Date "2021.06.15"]
[WhiteClock "0:00:47"]
[BlackClock "0:00:12"]

1. e4 c6 2. d4 d5 3. Nd2 dxe4 4. Nxe4 Nf6 5. Nxf6+ exf6 6. Bc4 Bd6 7. Qe2+ Qe7 8. Qxe7+ Kxe7 9. Ne2 Re8 10. Bd2 Bf5 11. O-O-O Nd7 12. Bf4 Nb6 13. Bb3 a5 14. Rhe1 Be6 15. Bxd6+ Kxd6 16. Ng3 Kc7 17. Nh5 Bg4 18. Nxg7 Rg8 19. Re7+ Kd8 20. Rxf7 Bxd1 21. Kxd1 Nd5 22. Rxb7 a4 23. Bxd5 cxd5 24. g3 Ra6 25. Nf5 Rg5 26. Ne3 Rh5 27. h4 Ke8 28. Kd2 f5 29. Nxd5 Rd6 30. c4 Rhh6 31. Kd3 Rhe6 32. Nc7+ 1-0


[Site "https://www.chess.com"]

[Event "Titled Tuesday Blitz June 15 2021"]
[White "Devaev, Alexander"]
[Black "Aradhya, Garg"]
[WhiteFideId "4169395"]
[BlackFideId "25006746"]
[WhiteElo "2185"]
[BlackElo "2146"]
[Result "0-1"]
[Round "06"]
[TimeControl "180+1"]
[Date "2021.06.15"]
[WhiteClock "0:00:06"]
[BlackClock "0:00:36"]

1. d4 d5 2. c4 c6 3. cxd5 cxd5 4. Nc3 Nf6 5. Bf4 Nc6 6. e3 a6 7. Bd3 Bg4 8. f3 Bd7 9. Nge2 Nh5 10. O-O e6 11. Rc1 Rc8 12. Bb1 Nxf4 13. Nxf4 Bd6 14. Nd3 O-O 15. a3 g6 16. b4 b6 17. f4 f6 18. Kh1 Kg7 19. Ba2 Ne7 20. Qd2 h5 21. Nf2 a5 22. Rb1 axb4 23. axb4 Nf5 24. e4 dxe4 25. Nfxe4 Qe7 26. Rfe1 Bxb4 27. Rb3 Ba4 28. Rbb1 Bc6 29. Qd3 Bxe4 30. Nxe4 Bxe1 31. Rxe1 Rfd8 32. d5 exd5 0-1


[Site "https://www.chess.com"]

[Event "Titled Tuesday Blitz June 15 2021"]
[White "Dmitrenko, Viktor"]
[Black "Klimkowski, Jan"]
[WhiteFideId "14110270"]
[BlackFideId "21856222"]
[WhiteElo "2338"]
[BlackElo "1903"]
[Result "0-1"]
[Round "06"]
[TimeControl "180+1"]
[Date "2021.06.15"]
[WhiteClock "0:00:41"]
[BlackClock "0:01:34"]

1. Nf3 Nf6 2. c4 e6 3. d4 Bb4+ 4. Nbd2 a5 5. e3 O-O 6. Bd3 d5 7. O-O dxc4 8. Nxc4 Nc6 9. Qc2 Be7 10. a3 a4 11. Bd2 h6 12. Rac1 Bd7 13. Nce5 Be8 14. Nxc6 bxc6 15. Ne5 Rb8 16. Nxc6 Bxc6 17. Qxc6 Rxb2 18. Bc3 Rb3 19. Qxa4 Rxa3 20. Qc6 Nd5 21. Be4 Nxc3 22. Rxc3 Rxc3 23. Qxc3 Bd6 24. g3 h5 25. Kg2 h4 26. Qc6 Qg5 27. Bf3 Rb8 28. Ra1 hxg3 29. hxg3 Bxg3 30. fxg3 Rb2+ 0-1


[Site "https://www.chess.com"]

[Event "Titled Tuesday Blitz June 15 2021"]
[White "Donchenko, Alexander"]
[Black "Williams, Simon K"]
[WhiteFideId "24603295"]
[BlackFideId "404454"]
[WhiteElo "2553"]
[BlackElo "2468"]
[Result "1-0"]
[Round "06"]
[TimeControl "180+1"]
[Date "2021.06.15"]
[WhiteClock "0:00:50"]
[BlackClock "0:00:02"]

1. Nf3 f5 2. d3 Nc6 3. e4 e5 4. Nc3 Nf6 5. Bg5 Bb4 6. Qd2 d6 7. a3 Bxc3 8. Qxc3 O-O 9. O-O-O h6 10. Bxf6 Qxf6 11. Be2 Bd7 12. exf5 Bxf5 13. Kb1 d5 14. d4 e4 15. Ne5 Rfe8 16. Nxc6 bxc6 17. f4 Bh7 18. Rhf1 e3 19. g4 Be4 20. h4 Qxh4 21. Qxc6 Rab8 22. g5 hxg5 23. fxg5 Qxg5 24. Qxc7 Qe7 25. Qxe7 Rxe7 26. Bd3 Bxd3 27. Rxd3 Rf8 28. Re1 e2 29. Kc1 Rf2 30. Kd2 g5 31. Rg3 Rf5 32. Rxe2 Rxe2+ 33. Kxe2 Kf7 34. Rf3 Ke6 35. b3 g4 36. Rxf5 Kxf5 37. c4 a5 38. c5 1-0


[Site "https://www.chess.com"]

[Event "Titled Tuesday Blitz June 15 2021"]
[White "Donskov, Anatoly"]
[Black "Mirzoev, Azer"]
[WhiteFideId "24143413"]
[BlackFideId "13400304"]
[WhiteElo "2221"]
[BlackElo "2525"]
[Result "0-1"]
[Round "06"]
[TimeControl "180+1"]
[Date "2021.06.15"]
[WhiteClock "0:00:02"]
[BlackClock "0:00:09"]

1. e4 c6 2. d4 d5 3. Nc3 dxe4 4. Nxe4 Bf5 5. Ng3 Bg6 6. h4 h6 7. Nf3 e6 8. Bd3 Bxd3 9. Qxd3 Nf6 10. Bd2 c5 11. Qb5+ Qd7 12. Qxd7+ Nbxd7 13. dxc5 Bxc5 14. Bc3 O-O 15. Ke2 Rac8 16. Bxf6 Nxf6 17. c3 Ng4 18. Ne4 Bb6 19. Nh2 Ne5 20. Nd6 Rc6 21. Rad1 Bc7 22. Nb5 Bb6 23. Nd6 Rb8 24. Nf3 Ng4 25. Rhf1 f5 26. Nb5 a6 27. Nbd4 Rd6 28. g3 Rf8 29. Nd2 Bxd4 30. Nc4 Rc6 31. Na5 Rb6 32. Nc4 Rc6 33. Na5 Rc5 34. Nxb7 Re5+ 35. Kd3 Bxf2 36. Rd2 Ba7 37. Nd6 Re3+ 38. Kc2 Rxg3 39. Re1 Ne3+ 40. Kb1 e5 41. Rde2 f4 42. Ne4 Rg4 43. Nf2 Rg2 44. Nd3 Rxe2 45. Rxe2 f3 46. Rf2 e4 47. Ne5 Ng2 48. Rf1 Rf5 0-1


[Site "https://www.chess.com"]

[Event "Titled Tuesday Blitz June 15 2021"]
[White "Enriquack"]
[Black "Liyanage, Ranindu Dilshan"]
[BlackFideId "9915834"]
[WhiteElo "2514"]
[BlackElo "1839"]
[Result "1-0"]
[Round "06"]
[TimeControl "180+1"]
[Date "2021.06.15"]
[WhiteClock "0:00:20"]
[BlackClock "0:00:03"]

1. e4 g6 2. d4 Bg7 3. Nf3 d6 4. Bc4 a6 5. O-O e6 6. Bb3 h6 7. Re1 b6 8. c3 Bb7 9. Nbd2 Nd7 10. Nf1 Ne7 11. Ng3 O-O 12. Be3 Nf6 13. Bc2 g5 14. h4 g4 15. Nh2 h5 16. Bg5 Nh7 17. Nxh5 Nxg5 18. Qxg4 Ng6 19. hxg5 e5 20. f4 exf4 21. Nxf4 Bc8 22. Qf3 Qxg5 23. Rf1 Nh4 24. Qf2 Bb7 25. Rae1 Rae8 26. Nh3 Qh5 27. Bd1 Qh8 28. Qf4 Ng6 29. Qg4 Bc8 30. Qg3 Bf6 31. Nf3 Bxh3 32. gxh3 Qh6 33. Bb3 Bg7 34. Ng5 Re7 35. Rf5 Nh4 36. Rf4 Ng6 37. Rg4 Kh8 38. Nxf7+ Rexf7 39. Bxf7 Rxf7 40. Rxg6 Qh7 41. Rg4 Qh6 42. Rh4 1-0


[Site "https://www.chess.com"]

[Event "Titled Tuesday Blitz June 15 2021"]
[White "Erdogdu, Mert"]
[Black "Sargsyan, Anna M."]
[WhiteFideId "6301495"]
[BlackFideId "13308130"]
[WhiteElo "2485"]
[BlackElo "2263"]
[Result "0-1"]
[Round "06"]
[TimeControl "180+1"]
[Date "2021.06.15"]
[WhiteClock "0:00:06"]
[BlackClock "0:00:15"]

1. e4 c6 2. d4 d5 3. exd5 cxd5 4. c4 Nf6 5. Nc3 Nc6 6. Bg5 Be6 7. a3 g6 8. Bxf6 exf6 9. c5 Bg7 10. Nf3 O-O 11. Be2 f5 12. O-O g5 13. Bb5 f4 14. Re1 h6 15. Bxc6 bxc6 16. Ne5 Qc7 17. Qa4 Rac8 18. Re2 Bf5 19. Rae1 f6 20. Nf3 Rf7 21. h3 Kh7 22. b4 Bd3 23. Re6 Bf5 24. R6e2 Bd3 25. Re8 h5 26. Qd1 Bg6 27. b5 Rxe8 28. Rxe8 cxb5 29. Qe2 Qa5 30. Nxd5 Rd7 31. Nb4 Qxa3 32. c6 Rc7 33. Re7 Rc8 34. Nd5 Rxc6 35. Kh2 g4 36. hxg4 hxg4 37. Nd2 g3+ 38. Kh3 gxf2+ 39. Nf3 Rc2 40. Nxf6+ Kh8 41. Re8+ Bxe8 42. Qxe8+ Qf8 43. Qh5+ Bh6 44. Qg6 Rc7 45. Ne5 f1=Q 46. d5 Qh1+ 47. Kg4 Qxg2+ 48. Kh5 Qh3# 0-1


[Site "https://www.chess.com"]